 Dungeon Crawl Stone Soup version 0.21-a0-536-gdbbf329 (webtiles) character file.

27514 Amnesiac the Earth Mage (level 13, -1/72 HPs)
             Began as a Deep Elf Earth Elementalist on Dec 14, 2017.
             Was a High Priest of Sif Muna.
             Engulfed by a fire crab's flame (21 damage)
             ... on level 13 of the Dungeon.
             The game lasted 00:41:12 (14719 turns).

Amnesiac the Earth Mage (DEEE)                     Turns: 14719, Time: 00:41:13

Health: -1/72      AC: 14    Str:  5    XL:     13   Next: 4%
Magic:  0/34       EV: 15    Int: 26    God:    Sif Muna [*****.]
Gold:   642        SH:  0    Dex: 15    Spells: 14/42 levels left

rFire    . . .     SeeInvis .   a - +1 dagger (venom)
rCold    . . .     Gourm    .   (no shield)
rNeg     . . .     Faith    .   Z - +0 troll leather armour
rPois    .         Spirit   +   x - +0 helmet
rElec    .         Reflect  .   w - +0 cloak
rCorr    .         Harm     .   m - +2 pair of gloves
MR       +....                  N - +0 pair of boots
Stlth    ++........             L - amulet of guardian spirit
HPRegen  0.62/turn              (no ring)
MPRegen  0.24/turn              Y - +4 ring of protection

@: no casting
A: blink
a: Blink, Stop Divine Energy, Channel Magic, Forget Spell, Renounce Religion


You were on level 13 of the Dungeon.
You worshipped Sif Muna.
Sif Muna was extremely pleased with you.
You were hungry.

You visited 2 branches of the dungeon, and saw 14 of its levels.

You collected 660 gold pieces.
You spent 18 gold pieces at shops.

Inventory:

Hand Weapons
 a - a +1 dagger of venom (weapon)
 b - a +1 blowgun
 c - a +2 dagger of flaming
 T - the +3 whip of Toes {pain, *Rage rPois rC+++ Int-5}
   (You found it on level 12 of the Dungeon)

   In the hands of one skilled in necromantic magic, it inflicts extra damage on
   living creatures.
   It affects your intelligence (-5).
   It renders you almost immune to cold.
   It protects you from poison.
   It may make you go berserk in combat.
Missiles
 s - 24 poisoned needles
 A - 165 stones (quivered)
Armour
 m - a +2 pair of gloves (worn)
 w - a +0 cloak (worn)
 x - a +0 helmet (worn)
 N - a +0 pair of boots (worn)
 Z - a +0 troll leather armour (worn)
Magical Staves
 G - an uncursed staff of fire {unknown}
Jewellery
 e - an uncursed ring of resist corrosion
 L - an amulet of guardian spirit (around neck)
 P - the ring of Dithmenos's Envy {-Tele rF++ MR+++ Str+4 Dex-5}
   (You found it on level 6 of the Dungeon)

   [ring of strength]

   It affects your strength (+4).
   It affects your dexterity (-5).
   It greatly protects you from fire.
   It affects your resistance to hostile enchantments.
   It prevents most forms of teleportation.
 Y - a +4 ring of protection (right hand)
Wands
 f - a wand of acid (17)
 C - a wand of digging (17)
 M - a wand of paralysis (15)
 S - a wand of iceblast (19)
Scrolls
 k - 4 scrolls of fog {!r}
 l - 5 scrolls of teleportation {!r}
 o - 4 scrolls of identify {!r}
 p - a scroll of amnesia {!r}
 t - 2 scrolls of remove curse {!r}
 y - a scroll of vulnerability {!r}
 K - 2 scrolls of magic mapping {!r}
 O - a scroll of enchant armour {!r}
 Q - 3 scrolls of brand weapon {!r}
Potions
 g - 2 potions of lignification {!q}
 h - 4 potions of might {!q}
 i - a potion of ambrosia {!q}
 j - 4 potions of curing {!q}
 n - 2 potions of mutation {!q}
 r - 3 potions of brilliance {!q}
 u - a potion of cancellation {!q}
 z - a potion of heal wounds {!q}
 F - 3 potions of agility {!q}
 H - a potion of magic {!q}
 I - 2 potions of haste {!q}
 R - a potion of resistance {!q}
 V - a potion of invisibility {!q}
Books
 D - Mafon's Papyrus of Dusty Attacks
   (Sif Muna gifted it to you on level 13 of the Dungeon)

   Spells                             Type                      Level
   a - Passwall                       Transmutation/Earth          2
   b - Lee's Rapid Deconstruction     Earth                        5
   c - Poison Arrow                   Conjuration/Poison           6
   d - Lehudib's Crystal Spear        Conjuration/Earth            8
Comestibles
 d - 7 bread rations
 q - 5 meat rations
 v - 18 royal jellies
 B - 7 fruits


   Skills:
 - Level 5.0 Fighting
 - Level 2.0 Short Blades
 - Level 7.5 Dodging
 - Level 4.0 Stealth
 + Level 15.3 Spellcasting
 - Level 1.1 Transmutations
 * Level 16.9 Earth Magic


You had 14 spell levels left.
You knew the following spells:

 Your Spells              Type           Power        Failure   Level  Hunger
a - Sandblast             Erth           ######       0%          1    None
b - Passwall              Tmut/Erth      ######....   1%          2    None
c - Shatter               Erth           #######...   96%         9    #######
d - Lee's Rapid Deconstr  Erth           #######...   1%          5    #......
e - Petrify               Tmut/Erth      ######..     1%          4    None
f - Passage of Golubria   Tloc           N/A          41%         4    None
r - Regeneration          Chrm/Necr      ###.......   13%         3    None


Dungeon Overview and Level Annotations

Branches:
Dungeon (13/15)            Temple (1/1) D:6            Lair (0/6) D:10
    Orc (0/2) D:12
 Vaults: D:13-14

Altars:
Ashenzari
Cheibriados
Dithmenos
Elyvilon
Fedhas
Gozag
Hepliaklqana
Kikubaaqudgha
Makhleb
Nemelex Xobeh
Okawaru
Qazlal
Ru
Sif Muna
Trog
Uskayaw
Wu Jian
The Shining One

Shops:
D:9 (   D:10 *   D:13 *


Innate Abilities, Weirdness & Mutations

You can translocate small distances at will.


Message History

Press: ? - help, Shift-Dir - straight line, f/p - fire crab
Aim: a fire crab (flame, chance to defeat MR: 61%)
The fire crab resists with significant effort.
You are engulfed in blazing flames.
The fire crab bites you but does no damage.
The fire crab misses you.
Casting: Petrify
Confirm with . or Enter, or press ? or * to list all spells.
Aiming: Petrify
Press: ? - help, Shift-Dir - straight line, f/p - fire crab
Aim: a fire crab (flame, chance to defeat MR: 61%)
The fire crab is moving more slowly.
You are engulfed in blazing flames.
The fire crab bites you!
You are engulfed in flames!
* * * LOW HITPOINT WARNING * * *
The fire crab misses you.
A fire crab comes into view.
The fire crab stops moving altogether!
You are feeling hungry.
The helpless fire crab fails to defend itself.
You puncture the fire crab!
The fire crab is lightly wounded.
The helpless fire crab fails to defend itself.
You impale the fire crab!!
The fire crab is poisoned.
The fire crab is moderately wounded.
The helpless fire crab fails to defend itself.
You impale the fire crab!!
The fire crab looks as sick as possible!
The fire crab is heavily wounded.
The helpless fire crab fails to defend itself.
You puncture the fire crab!
The fire crab is severely wounded.
The helpless fire crab fails to defend itself.
You puncture the fire crab!
You kill the fire crab!
Sif Muna accepts your kill.
You see here Mafon's Papyrus of Dusty Attacks.
Sif Muna grants you a gift!
Casting: Petrify
Confirm with . or Enter, or press ? or * to list all spells.
Aiming: Petrify
Press: ? - help, Shift-Dir - straight line, f - fire crab
Aim: a fire crab (chance to defeat MR: 61%)
The fire crab resists with significant effort.
The fire crab bites you!
* * * LOW HITPOINT WARNING * * *
You are engulfed in flames!
* * * LOW HITPOINT WARNING * * *
The fire crab claws you but does no damage.
Casting: Petrify
Confirm with . or Enter, or press ? or * to list all spells.
Aiming: Petrify
Press: ? - help, Shift-Dir - straight line, f/p - fire crab
Aim: a fire crab (chance to defeat MR: 61%)
The fire crab is moving more slowly.
Sif Muna grants you divine energy.
You briefly lose access to your magic!
The fire crab closely misses you.
The fire crab claws you but does no damage.
D - Mafon's Papyrus of Dusty Attacks The fire crab breathes flames at you.
The blast of flame engulfs you!
* * * LOW HITPOINT WARNING * * *
Really quaff
j - 5 potions of curing {!q}?
You feel better.
You are engulfed in blazing flames.
You die...

.##..))...............#.# #...#
#....###########.######.# #...#
+....'...........#......# #####
#.(..#############.###### #####
........(.##.......# #...#
#....####.##'########### #'#.#
.....# #.......#§§..÷..t #.#..
.....# #.......#t# #.#..
.....###.......#@# #.#..
.......#.......#§# #.#..
.......##.####.#§# #.#..
.......##.####.#§# #.#..
.......##....#.#§# #.#..
.......#####.#.#§############.#..
.......# #.#.#.†÷...........###
.......# #.#.################
..###### #.#.#...........#


You could see a fire crab (petrifying).

Vanquished Creatures
  2 entropy weavers (D:13)
  Erolcha (D:13)
  A centaur warrior (D:13)
  4 two-headed ogres
  Nergalle (D:10)
  5 fire crabs (D:13)
  2 unseen horrors
  Pikel (D:6)
  A deep elf mage (D:12)
  4 ugly things
  3 cyclopes
  A manticore (D:11)
  3 centaur zombies
  A gargoyle (D:13)
  3 trolls
  4 hornets (D:10)
  2 hippogriffs (D:11)
  A shadow (D:12)
  2 vampires (D:12)
  3 wraiths
  16 yaks
  A wyvern (D:11)
  4 wargs
  A hungry ghost (D:9)
  Edmund (D:6)
  An acid dragon (D:9)
  A soldier ant (D:13)
  6 orc warriors
  A sky beast (D:9)
  A black bear (D:10)
  5 ice beasts
  7 phantoms
  2 slaves (D:6)
  8 ogres
  4 centaurs
  3 big kobolds
  5 bullfrogs
  4 scorpions
  7 killer bees (D:12)
  8 wights
  An electric eel (D:6)
  5 jellies
  2 crimson imps (D:6)
  2 howler monkeys
  2 quasits
  3 lava snakes (D:10)
  4 hounds
  A centaur skeleton (D:7)
  10 orc wizards
  Crazy Yiuf (D:4)
  10 orc priests
  A bullfrog skeleton (D:8)
  Ijyb (D:5)
  13 iguanas
  9 worker ants
  A howler monkey zombie (D:9)
  Robin (D:3)
  A howler monkey skeleton (D:8)
  19 adders
  5 shadow imps
  An adder skeleton (D:9)
  7 worms
  3 dart slugs
  2 leopard geckos
  53 orcs
  6 bats
  7 giant cockroaches
  11 hobgoblins
  20 jackals
  4 quokkas
  4 ball pythons
  5 frilled lizards (D:1)
  16 goblins
  A jackal skeleton (D:4)
  19 kobolds
  A leopard gecko skeleton (D:4)
  A leopard gecko zombie (D:5)
  A quokka skeleton (D:4)
  2 quokka zombies
  4 rats
391 creatures vanquished.

Vanquished Creatures (others)
  2 slaves (D:6)
  A centaur skeleton (D:6)
3 creatures vanquished.

Grand Total: 394 creatures vanquished

Notes
Turn   | Place    | Note
-------+----------+-------------------------------------------
     0 | D:1      | Amnesiac the Deep Elf Earth Elementalist began the quest for the Orb.
     0 | D:1      | Reached XP level 1. HP: 10/10 MP: 6/6
   132 | D:1      | Reached XP level 2. HP: 16/16 MP: 2/8
   147 | D:1      | Learned a level 2 spell: Passwall
   260 | D:1      | Reached skill level 1 in Fighting
   436 | D:1      | Reached XP level 3. HP: 18/20 MP: 2/9
   461 | D:1      | Learned a level 3 spell: Stone Arrow
   923 | D:2      | Reached XP level 4. HP: 25/25 MP: 8/11
  1572 | D:3      | Noticed a centaur
  1578 | D:3      | Killed a centaur
  1578 | D:3      | Reached skill level 4 in Earth Magic
  1578 | D:3      | Reached XP level 5. HP: 25/31 MP: 6/13
  1667 | D:3      | Found a bloodstained altar of Trog.
  1698 | D:3      | Reached skill level 1 in Short Blades
  1949 | D:3      | Found a shattered altar of Ashenzari.
  2324 | D:3      | Reached XP level 6. HP: 36/36 MP: 10/14
  2330 | D:3      | Learned a level 4 spell: Petrify
  3061 | D:4      | Noticed Robin
  3095 | D:3      | Reached XP level 7. HP: 12/41 MP: 1/16
  3344 | D:4      | Learned a level 5 spell: Lee's Rapid Deconstruction
  3415 | D:3      | Killed Robin
  3740 | D:4      | Reached skill level 5 in Spellcasting
  3955 | D:4      | Reached skill level 5 in Earth Magic
  4151 | D:4      | Found a runed door.
  4202 | D:4      | Found a shadowy altar of Dithmenos.
  4203 | D:4      | Found a white marble altar of Elyvilon.
  4254 | D:4      | Found a sparkling altar of Nemelex Xobeh.
  4591 | D:4      | Noticed Crazy Yiuf
  4593 | D:4      | Killed Crazy Yiuf
  4593 | D:4      | Reached skill level 5 in Dodging
  4649 | D:5      | Entered Level 5 of the Dungeon
  4649 | D:5      | Found an ancient bone altar of Kikubaaqudgha.
  4651 | D:5      | Found a hide-covered altar of Uskayaw.
  4653 | D:5      | Found a glowing golden altar of the Shining One.
  4935 | D:5      | Reached XP level 8. HP: 48/48 MP: 8/18
  4990 | D:5      | Found an ornate altar of the Wu Jian Council.
  5172 | D:5      | Found an ornate altar of the Wu Jian Council.
  5304 | D:5      | Noticed Ijyb
  5568 | D:5      | Killed Ijyb
  5760 | D:6      | Reached skill level 6 in Earth Magic
  6020 | D:6      | Noticed Pikel
  6023 | D:6      | Killed Pikel
  6023 | D:6      | Reached XP level 9. HP: 50/53 MP: 4/22
  6028 | D:6      | Noticed Edmund
  6041 | D:6      | Killed Edmund
  6049 | D:6      | Found a sacrificial altar of Ru.
  6308 | D:6      | Reached skill level 5 in Fighting
  6408 | D:6      | Found a staircase to the Ecumenical Temple.
  6465 | Temple   | Entered the Ecumenical Temple
  6555 | Temple   | Became a worshipper of Sif Muna the Loreminder
  6756 | D:6      | Reached skill level 7 in Earth Magic
  6799 | D:6      | Got a clouded brass ring
  6847 | D:6      | Identified the ring of Dithmenos's Envy {-Tele rF++ MR+++ Str+4 Dex-5} (You found it on level 6 of the Dungeon)
  7232 | D:7      | Reached skill level 8 in Earth Magic
  7299 | D:7      | Reached * piety under Sif Muna
  8032 | D:8      | Noticed a two-headed ogre
  8055 | D:8      | Killed a two-headed ogre
  8055 | D:8      | Reached ** piety under Sif Muna
  8055 | D:8      | Reached skill level 9 in Earth Magic
  8066 | D:8      | Reached XP level 10. HP: 45/59 MP: 0/25
  8227 | D:8      | Reached skill level 10 in Earth Magic
  8605 | D:9      | Reached skill level 10 in Spellcasting
  8871 | D:9      | Found Juigyur's Weapon Boutique.
  9050 | D:10     | Entered Level 10 of the Dungeon
  9155 | D:10     | Reached *** piety under Sif Muna
  9155 | D:10     | Reached skill level 11 in Earth Magic
  9207 | D:10     | Found Fuvyututi's Assorted Antiques.
  9514 | D:10     | Found a staircase to the Lair.
  9516 | D:10     | Noticed a two-headed ogre
  9529 | D:10     | Killed a two-headed ogre
  9529 | D:10     | Reached skill level 12 in Earth Magic
  9535 | D:10     | Reached **** piety under Sif Muna
  9623 | D:10     | Noticed a brown ugly thing
  9637 | D:10     | Killed a brown ugly thing
  9735 | D:10     | Killed an unseen horror
  9735 | D:10     | Reached XP level 11. HP: 15/63 MP: 3/28
  9784 | D:10     | Learned a level 3 spell: Regeneration
  9846 | D:10     | Noticed Nergalle
  9874 | D:10     | Killed Nergalle
 10099 | D:10     | Found the +0 pair of fencer's gloves {+Riposte Dex+3}
 10233 | D:10     | Reached skill level 13 in Earth Magic
 10296 | D:10     | Paralysed by a hornet for 3 turns
 10851 | D:11     | Reached ***** piety under Sif Muna
 10851 | D:11     | Identified a paperback manual (Sif Muna gifted it to you on level 11 of the Dungeon)
 10851 | D:11     | Received a gift from Sif Muna
 10865 | D:11     | Learned a level 9 spell: Shatter
 11596 | D:12     | Found a staircase to the Orcish Mines.
 11769 | D:12     | Reached skill level 14 in Earth Magic
 11881 | D:12     | Killed an unseen horror
 12024 | D:12     | Noticed a deep elf mage
 12037 | D:12     | Killed a deep elf mage
 12164 | D:12     | Noticed a two-headed ogre
 12192 | D:12     | Killed a two-headed ogre
 12192 | D:12     | Reached XP level 12. HP: 62/68 MP: 0/31
 12334 | D:12     | Reached skill level 15 in Earth Magic
 12583 | D:12     | Got a warped whip
 12590 | D:12     | Identified the +3 whip of Toes {pain, *Rage rPois rC+++ Int-5} (You found it on level 12 of the Dungeon)
 12910 | D:13     | Found Egoteb's Assorted Antiques.
 12934 | D:13     | Identified Sif Muna's Grimoire of Orientation (Sif Muna gifted it to you on level 13 of the Dungeon)
 12934 | D:13     | Received a gift from Sif Muna
 12957 | D:13     | Learned a level 4 spell: Passage of Golubria
 12971 | D:13     | Bought a glowing sapphire potion for 18 gold pieces
 13223 | D:13     | Gained mutation: You can translocate small distances at will. [mutagenic meat]
 13456 | D:13     | Noticed Erolcha
 13466 | D:13     | Noticed a two-headed ogre
 13491 | D:13     | Killed a two-headed ogre
 13491 | D:13     | Reached skill level 16 in Earth Magic
 13583 | D:13     | Killed Erolcha
 13615 | D:13     | Found a runed door.
 13632 | D:13     | Noticed a centaur warrior
 13648 | D:13     | Killed a centaur warrior
 14378 | D:13     | Noticed an entropy weaver
 14411 | D:13     | Killed an entropy weaver
 14411 | D:13     | Reached skill level 15 in Spellcasting
 14589 | D:13     | Noticed an entropy weaver
 14627 | D:13     | Killed an entropy weaver
 14627 | D:13     | Reached XP level 13. HP: 23/72 MP: 0/34
 14715 | D:13     | Identified Mafon's Papyrus of Dusty Attacks (Sif Muna gifted it to you on level 13 of the Dungeon)
 14715 | D:13     | Received a gift from Sif Muna
 14719 | D:13     | Engulfed by a fire crab's flame

Vault maps used:
D:1:      elethiomel_arrival_shortcut, minmay_heptomino_w4
D:2:      first_bread
D:3:      lemuel_crystal_altar, old_standard_altar
D:4:      gammafunk_temple_overflow_forgotten, uniq_crazy_yiuf_cottage,
          uniq_robin
D:5:      overflow_temple_1_default, nicolae_overflow_hidden_temple,
          basic_altar, uniq_ijyb
D:6:      cheibrodos_helix_gallery, nicolae_ru_awakened_eye, temple_fountains,
          kennysheep_generic_room_10, uniq_edmund, uniq_pikel
D:9:      kennysheep_small_square
D:10:     erik_lair_orcish_takeover, serial_shops, nicolae_shop_behind_doors,
          hangedman_pestilent_swarm, kennysheep_boxes, uniq_nergalle
D:12:     david_orc_3, minivault_5
D:13:     gammafunk_mikee_crab_dinner, serial_shops, shop, uniq_erolcha
Temple:   minmay_temple_forest_path

Skill      XL: |  1  2  3  4  5  6  7  8  9 10 11 12 |
---------------+-------------------------------------+-----
Fighting       | 1 2 3 4 5 |  5.0
Dodging        | 3 4 5 7 |  7.5
Stealth        | 3 4 |  4.0
Spellcasting   | 4 5 7 9 11 13 15 | 15.3
Earth Magic    | 4 5 6 9 12 14 16 | 16.9
Short Blades   | 1 2 |  2.0
Transmutations | |  1.1

Action                   |  1- 3 |  4- 6 |  7- 9 | 10-12 | 13-15 || total
-------------------------+-------+-------+-------+-------+-------++-------
Melee: Unarmed           |    13 |       |       |       |       ||    13
       Dagger            |    13 |   106 |   128 |   593 |     5 ||   845
 Cast: Sandblast         |    52 |    46 |    38 |    51 |       ||   187
       Passwall          |     2 |     4 |     6 |    18 |       ||    30
       Stone Arrow       |       |    25 |    72 |       |       ||    97
       Lee's Rapid Decon |       |       |    10 |    50 |     1 ||    61
       Petrify           |       |       |    26 |   125 |     5 ||   156
       Regeneration      |       |       |       |     1 |       ||     1
Invok: Divine Energy     |       |       |     1 |       |       ||     1
  Use: Scroll            |       |       |     5 |    23 |       ||    28
       Potion            |       |       |       |     2 |     1 ||     3
 Stab: Sleeping          |       |     9 |     8 |    15 |       ||    32
       Petrified         |       |       |    38 |   267 |     5 ||   310
       Petrifying        |       |       |     2 |     8 |       ||    10
       Distracted        |       |       |       |     1 |       ||     1
  Eat: Chunk             |       |     8 |    20 |    26 |       ||    54
       Fruit             |       |       |     1 |     3 |       ||     4
Armor: Robe              |    12 |    28 |    42 |     4 |       ||    86
       Troll leather arm |       |       |       |   193 |     4 ||   197
       Skin              |       |       |       |     8 |       ||     8
Dodge: Dodged            |    34 |   106 |   157 |   350 |     3 ||   650

Table legend:
 A = Spawn XP
 B = Non-spawn XP
 C = Spawn XP percentage of total XP
 D = Spawn monster count
 E = Non-spawn monster count
 F = Spawn count percentage of total count
 G = Total turns spent on level
                    A         B        C        D         E        F      G
               +---------+---------+-------+---------+---------+-------+---------
         Total |       0 |   39307 |   0.0 |       0 |     389 |   0.0 | 14719
               +---------+---------+-------+---------+---------+-------+---------
           D:1 |       0 |      49 |   0.0 |       0 |      28 |   0.0 |   831
           D:2 |       0 |     125 |   0.0 |       0 |      26 |   0.0 |   741
           D:3 |       0 |     517 |   0.0 |       0 |      36 |   0.0 |  1738
           D:4 |       0 |     546 |   0.0 |       0 |      28 |   0.0 |  1484
           D:5 |       0 |     509 |   0.0 |       0 |      10 |   0.0 |   875
           D:6 |       0 |    1480 |   0.0 |       0 |      19 |   0.0 |  1072
           D:7 |       0 |     902 |   0.0 |       0 |      26 |   0.0 |   971
           D:8 |       0 |    1724 |   0.0 |       0 |      20 |   0.0 |   673
           D:9 |       0 |    1337 |   0.0 |       0 |      21 |   0.0 |   538
          D:10 |       0 |    6675 |   0.0 |       0 |      51 |   0.0 |  1463
          D:11 |       0 |    3321 |   0.0 |       0 |      39 |   0.0 |  1172
          D:12 |       0 |    7338 |   0.0 |       0 |      49 |   0.0 |  1255
          D:13 |       0 |   14784 |   0.0 |       0 |      36 |   0.0 |  1779
               +---------+---------+-------+---------+---------+-------+---------
